3L
MONTANA PANDAS @ HARTFORD WHALERS
06/07/2023
 
TOP OF THE 1ST
Montana Pandas batting - Pitching for Hartford Whalers : RHP Glenn West
Pitching: RHP Glenn West
Batting: SHB Dave Orchard 0-0: Ball
1-0: Ball
2-0: Fly out, F9 (Flyball, 89XD)
Batting: LHB Jake Shelton 0-0: Called Strike
0-1: Fly out, F8 (Flyball, 8RD)
Batting: RHB Wilbur James 0-0: Ball
1-0: Ball
2-0: Ball
3-0: Base on Balls
Batting: LHB Tomás Guillén 0-0: Ball
1-0: Ball
2-0: Fielders Choice at 2nd, U6 (Groundball, 6M)
Top of the 1st over - 0 run(s), 0 hit(s), 0 error(s), 1 left on base; Montana 0 - Hartford 0
BOTTOM OF THE 1ST
Hartford Whalers batting - Pitching for Montana Pandas : RHP Doug Green
Pitching: RHP Doug Green
Batting: RHB Javier Díaz 0-0: Ground out 6-3 (Groundball, 6)
Batting: LHB Gerald Holloway 0-0: Ball
1-0: Ball
2-0: Swinging Strike
2-1: Ball
3-1: Base on Balls
Batting: RHB Joe Craig 0-0: DOUBLE (Line Drive, 5L)
Gerald Holloway to third
Batting: RHB Juan Tapia 0-0: Ground out 5-3 (Groundball, 56)
Gerald Holloway scores
Batting: LHB César Durán 0-0: Called Strike
0-1: Ball
1-1: Swinging Strike
1-2: Strikes out swinging
Bottom of the 1st over - 1 run(s), 1 hit(s), 0 error(s), 1 left on base; Montana 0 - Hartford 1
TOP OF THE 2ND
Montana Pandas batting - Pitching for Hartford Whalers : RHP Glenn West
Batting: RHB Pancho Salaedo 0-0: Ball
1-0: Called Strike
1-1: Foul Ball, location: 2F
1-2: SINGLE (Groundball, 56D)
Batting: LHB Luis Costello 0-0: Ball
1-0: Ball
2-0: SINGLE (Groundball, 34S)
Pancho Salaedo to second
Runner from 2nd tries for 3rd, SAFE, throw made to third
Batting: LHB Steve Riggs 0-0: Foul Ball, location: 2F
0-1: Ball
1-1: Called Strike
1-2: Strikes out swinging
Batting: LHB Mike Pace 0-0: Swinging Strike
0-1: Foul Ball, location: 2F
0-2: Ball
1-2: Grounds into double play, U4-3 (Groundball, 4)
Top of the 2nd over - 0 run(s), 2 hit(s), 0 error(s), 1 left on base; Montana 0 - Hartford 1
BOTTOM OF THE 2ND
Hartford Whalers batting - Pitching for Montana Pandas : RHP Doug Green
Batting: RHB Michael Collins 0-0: Foul Ball, location: 2F
0-1: Foul Ball, location: 2F
0-2: Strikes out swinging
Batting: RHB Dave Farr 0-0: Foul Ball, location: 2F
0-1: Foul Ball, location: 2F
0-2: Strikes out swinging
Batting: LHB James Sorensen 0-0: Ball
1-0: Fly out, F3 (Line Drive, 34)
Bottom of the 2nd over - 0 run(s), 0 hit(s), 0 error(s), 0 left on base; Montana 0 - Hartford 1
TOP OF THE 3RD
Montana Pandas batting - Pitching for Hartford Whalers : RHP Glenn West
Batting: RHB Pablo León 0-0: Ground out 4-3 (Groundball, 34)
Batting: SHB Dave Orchard 0-0: Swinging Strike
0-1: Ground out U3 (Groundball, 3L)
Batting: LHB Jake Shelton 0-0: Foul Ball, location: 2F
0-1: Ball
1-1: SINGLE (Groundball, 13) (infield hit)
Batting: RHB Wilbur James 0-0: Ball
1-0: Ball
2-0: Ball
3-0: Called Strike
3-1: Base on Balls
Jake Shelton to second
Batting: LHB Tomás Guillén 0-0: DOUBLE (Line Drive, 9LD)
Jake Shelton scores
Wilbur James to third
Batting: RHB Pancho Salaedo 0-0: Called Strike
0-1: Hit by Pitch
Batting: LHB Luis Costello 0-0: Called Strike
0-1: Ball
1-1: Foul Ball, location: 2F
1-2: Foul Ball, location: 2F
1-2: DOUBLE (Flyball, 89D)
Wilbur James scores
Tomás Guillén scores
Pancho Salaedo to third
Runner from 3rd tries for Home, SAFE, no throw or cutoff
Batting: LHB Steve Riggs 0-0: Called Strike
0-1: Called Strike
0-2: Ball
1-2: Ball
2-2: Ball
3-2: Base on Balls
Batting: LHB Mike Pace 0-0: Ball
1-0: Called Strike
1-1: Ball
2-1: Called Strike
2-2: Ball
3-2: Ground out 6-3 (Groundball, 6)
Top of the 3rd over - 4 run(s), 3 hit(s), 0 error(s), 2 left on base; Montana 4 - Hartford 1
BOTTOM OF THE 3RD
Hartford Whalers batting - Pitching for Montana Pandas : RHP Doug Green
Batting: RHB Phil Hayes 0-0: Called Strike
0-1: Ball
1-1: Ball
2-1: Foul Ball, location: 2F
2-2: Ground out 1-3 (Groundball, 15S)
Batting: RHB Javier Díaz 0-0: Called Strike
0-1: Ball
1-1: Called Strike
1-2: Strikes out swinging
Batting: LHB Gerald Holloway 0-0: Called Strike
0-1: Ball
1-1: Ball
2-1: Foul Ball, location: 2F
2-2: Strikes out swinging
Bottom of the 3rd over - 0 run(s), 0 hit(s), 0 error(s), 0 left on base; Montana 4 - Hartford 1
TOP OF THE 4TH
Montana Pandas batting - Pitching for Hartford Whalers : RHP Glenn West
Batting: RHB Pablo León 0-0: Ground out 6-3 (Groundball, 6)
Batting: SHB Dave Orchard 0-0: Swinging Strike
0-1: Ball
1-1: Ball
2-1: Ball
3-1: Called Strike
3-2: Base on Balls
Batting: LHB Jake Shelton 0-0: Called Strike
0-1: Ball
1-1: Ball
2-1: Ball
3-1: Ground out 4-3 (Groundball, 13)
Dave Orchard to second
Batting: RHB Wilbur James 0-0: Called Strike
0-1: Ground out 6-3 (Groundball, 6)
Top of the 4th over - 0 run(s), 0 hit(s), 0 error(s), 1 left on base; Montana 4 - Hartford 1
BOTTOM OF THE 4TH
Hartford Whalers batting - Pitching for Montana Pandas : RHP Doug Green
Batting: RHB Joe Craig 0-0: Ball
1-0: Ball
2-0: Called Strike
2-1: Foul Ball, location: 2F
2-2: Fly out, F4 (Popup, 34D)
Batting: RHB Juan Tapia 0-0: Foul Ball, location: 2F
0-1: Called Strike
0-2: Ball
1-2: Foul Ball, location: 2F
1-2: Foul Ball, location: 2F
1-2: Ball
2-2: Ball
3-2: Base on Balls
Batting: LHB César Durán 0-0: Foul Ball, location: 2F
0-1: Ball
1-1: Reached on error, E5 (Groundball, 15S)
Juan Tapia to third
Batting: RHB Michael Collins 0-0: Ball
1-0: SINGLE (Groundball, 3D)
Juan Tapia scores
César Durán to third
Batting: RHB Dave Farr 0-0: Ball
1-0: Called Strike
1-1: Foul Ball, location: 2F
1-2: Grounds into double play, 5-4-3 (Groundball, 5L)
Bottom of the 4th over - 1 run(s), 1 hit(s), 1 error(s), 1 left on base; Montana 4 - Hartford 2
TOP OF THE 5TH
Montana Pandas batting - Pitching for Hartford Whalers : RHP Glenn West
Batting: LHB Tomás Guillén 0-0: Ball
1-0: Called Strike
1-1: Swinging Strike
1-2: Strikes out looking
Batting: RHB Pancho Salaedo 0-0: Swinging Strike
0-1: Ball
1-1: Swinging Strike
1-2: SINGLE (Line Drive, 34D)
Batting: LHB Luis Costello 0-0: Ball
1-0: Fly out, F9 (Flyball, 9D)
Batting: LHB Steve Riggs 0-0: Called Strike
0-1: Ball
1-1: Ground out 1-3 (Groundball, 23)
Top of the 5th over - 0 run(s), 1 hit(s), 0 error(s), 1 left on base; Montana 4 - Hartford 2
BOTTOM OF THE 5TH
Hartford Whalers batting - Pitching for Montana Pandas : RHP Doug Green
Batting: LHB James Sorensen 0-0: Swinging Strike
0-1: Foul Ball, location: 2F
0-2: Strikes out swinging
Batting: RHB Phil Hayes 0-0: Ball
1-0: Ball
2-0: Called Strike
Single, Error in OF, E7, batter to second base
Batting: RHB Javier Díaz 0-0: Ball
1-0: Foul Ball, location: 2F
1-1: SINGLE (Groundball, 13S) (infield hit)
Phil Hayes to third
Batting: LHB Gerald Holloway 0-0: Called Strike
0-1: Ball
1-1: SINGLE (Line Drive, 4)
Phil Hayes scores
Javier Díaz to second
Batting: RHB Joe Craig 0-0: Ball
1-0: Called Strike
1-1: Ball
2-1: Foul Ball, location: 2F
2-2: Foul Ball, location: 2F
2-2: Foul Ball, location: 2F
2-2: Ball
3-2: SINGLE (Groundball, 3D)
Javier Díaz to third
Gerald Holloway to second
Runner from 3rd tries for Home, throw and OUT!
Gerald Holloway to third
Joe Craig to second
Batting: RHB Juan Tapia 0-0: Ball
1-0: Foul Ball, location: 2F
1-1: Swinging Strike
1-2: Ball
2-2: Ground out 6-3 (Groundball, 6)
Bottom of the 5th over - 1 run(s), 4 hit(s), 1 error(s), 2 left on base; Montana 4 - Hartford 3
TOP OF THE 6TH
Montana Pandas batting - Pitching for Hartford Whalers : RHP Glenn West
Batting: LHB Mike Pace 0-0: Ground out 4-3 (Groundball, 4)
Batting: RHB Pablo León 0-0: SINGLE (Line Drive, 8RS)
Batting: SHB Dave Orchard 0-0: Ball
1-0: SINGLE (Line Drive, 34)
Pablo León to second
Batting: LHB Jake Shelton 0-0: Called Strike
0-1: Ball
1-1: DOUBLE (Line Drive, 9LS)
Pablo León scores
Dave Orchard to third
Pitching: RHP Bill Kelly
Batting: RHB Wilbur James 0-0: Called Strike
0-1: SINGLE (Line Drive, 7S)
Dave Orchard scores
Jake Shelton to third
Batting: LHB Tomás Guillén 0-0: Ball
1-0: Ball
2-0: Foul Ball, location: 2F
2-1: Foul Ball, location: 2F
2-2: Foul Ball, location: 2F
2-2: Foul Ball, location: 2F
2-2: Ball
3-2: Grounds into double play, 6-4-3 (Groundball, 6M)
Top of the 6th over - 2 run(s), 4 hit(s), 0 error(s), 1 left on base; Montana 6 - Hartford 3
BOTTOM OF THE 6TH
Hartford Whalers batting - Pitching for Montana Pandas : RHP Doug Green
Pitching: LHP Tomás Galván
Batting: LHB César Durán 0-0: Ball
1-0: Fly out, F4 (Popup, 4)
Batting: RHB Michael Collins 0-0: SINGLE (Line Drive, 6MD)
Batting: RHB Dave Farr 0-0: Ball
1-0: Fly out, F4 (Line Drive, 4M)
Batting: LHB James Sorensen 0-0: Ball
1-0: Called Strike
1-1: Foul Ball, location: 2F
1-2: Ball
2-2: Strikes out swinging
Bottom of the 6th over - 0 run(s), 1 hit(s), 0 error(s), 1 left on base; Montana 6 - Hartford 3
TOP OF THE 7TH
Montana Pandas batting - Pitching for Hartford Whalers : RHP Bill Kelly
Batting: RHB Pancho Salaedo 0-0: Called Strike
0-1: Reached on error, E5 (Groundball, 5)
Batting: LHB Luis Costello 0-0: Ball
1-0: Fly out, F6 (Popup, 4M)
Batting: LHB Steve Riggs 0-0: Ball
1-0: 2-RUN HOME RUN (Flyball, 9D), Distance : 373 ft
Batting: LHB Mike Pace 0-0: Ball
1-0: Ball
2-0: Swinging Strike
2-1: Foul Ball, location: 2F
2-2: Foul Ball, location: 2F
2-2: SINGLE (Flyball, 9M)
Batting: RHB Pablo León 0-0: Ball
1-0: Ball
2-0: Called Strike
2-1: DOUBLE (Line Drive, 7LD)
Mike Pace to third
Batting: SHB Dave Orchard 0-0: Ball
1-0: Ball
2-0: SINGLE (Flyball, 9LS)
Mike Pace scores
Pablo León to third
Runner from 3rd tries for Home, SAFE, throw made home
Dave Orchard to second
Pitching: LHP Dale Stevens
Batting: LHB Jake Shelton 0-0: Ground out U3 (Groundball, 3L)
Dave Orchard to third
Batting: RHB Wilbur James 0-0: Foul Ball, location: 2F
0-1: Ball
1-1: Ball
2-1: Foul Ball, location: 2F
2-2: Ball
3-2: Base on Balls
Batting: LHB Tomás Guillén 0-0: Fly out, F7 (Flyball, 7LMF)
Top of the 7th over - 4 run(s), 4 hit(s), 1 error(s), 2 left on base; Montana 10 - Hartford 3
BOTTOM OF THE 7TH
Hartford Whalers batting - Pitching for Montana Pandas : LHP Tomás Galván
Batting: RHB Phil Hayes 0-0: Ball
1-0: Ball
2-0: Called Strike
2-1: SINGLE (Line Drive, 5D)
Batting: RHB Javier Díaz 0-0: Fly out, F8 (Flyball, 8RM)
Batting: LHB Gerald Holloway 0-0: Ball
1-0: Swinging Strike
1-1: Fielders Choice at 2nd, 4-6 (Groundball, 4)
Batting: RHB Joe Craig 0-0: Called Strike
0-1: Foul Ball, location: 2F
0-2: Ball
1-2: Fly out, F3 (Popup, 13)
Bottom of the 7th over - 0 run(s), 1 hit(s), 0 error(s), 1 left on base; Montana 10 - Hartford 3
TOP OF THE 8TH
Montana Pandas batting - Pitching for Hartford Whalers : LHP Dale Stevens
Batting: RHB Pancho Salaedo 0-0: Called Strike
0-1: Fly out, F9 (Popup, 34D)
Batting: LHB Luis Costello 0-0: Swinging Strike
0-1: Foul Ball, location: 2F
0-2: Foul Ball, location: 2F
0-2: Strikes out swinging
Batting: LHB Steve Riggs 0-0: Fly out, F7 (Flyball, 7S)
Top of the 8th over - 0 run(s), 0 hit(s), 0 error(s), 0 left on base; Montana 10 - Hartford 3
BOTTOM OF THE 8TH
Hartford Whalers batting - Pitching for Montana Pandas : LHP Tomás Galván
Batting: RHB Juan Tapia 0-0: Called Strike
0-1: Ball
1-1: Ball
2-1: Ball
3-1: Base on Balls
Pinch Hitting: RHB Troy Gine 0-0: Foul Ball, location: 2F
0-1: Ball
1-1: Fly out, F5 (Line Drive, 56)
Batting: RHB Michael Collins 0-0: Ball
1-0: Ball
2-0: Foul Ball, location: 2F
2-1: Ball
3-1: Swinging Strike
3-2: Fly out, F8 (Line Drive, 8LM)
Batting: RHB Dave Farr 0-0: Foul Ball, location: 2F
0-1: Called Strike
0-2: Strikes out swinging
Bottom of the 8th over - 0 run(s), 0 hit(s), 0 error(s), 1 left on base; Montana 10 - Hartford 3
TOP OF THE 9TH
Montana Pandas batting - Pitching for Hartford Whalers : LHP Dale Stevens
Now at 1B: Troy Gine
Batting: LHB Mike Pace 0-0: Called Strike
0-1: Ball
1-1: Foul Ball, location: 2F
1-2: SOLO HOME RUN (Flyball, 89XD), Distance : 427 ft
Batting: RHB Pablo León 0-0: SOLO HOME RUN (Flyball, 78XD), Distance : 426 ft
Batting: SHB Dave Orchard 0-0: Called Strike
0-1: Foul Ball, location: 2F
0-2: Strikes out swinging
Pinch Hitting: RHB Lindsay Stewart 0-0: DOUBLE (Line Drive, 7LS)
Batting: RHB Wilbur James 0-0: Fly out, F9 (Line Drive, 89M)
Batting: LHB Tomás Guillén 0-0: Called Strike
0-1: Called Strike
0-2: Ball
1-2: Strikes out swinging
Top of the 9th over - 2 run(s), 3 hit(s), 0 error(s), 1 left on base; Montana 12 - Hartford 3
BOTTOM OF THE 9TH
Hartford Whalers batting - Pitching for Montana Pandas : LHP Tomás Galván
Pitching: LHP Spike Wells
Now in CF: Lindsay Stewart
Batting: LHB James Sorensen 0-0: Called Strike
0-1: Foul Ball, location: 2F
0-2: SINGLE (Line Drive, 4D)
Batting: RHB Phil Hayes 0-0: Called Strike
0-1: Ball
1-1: SINGLE (Line Drive, 89S)
James Sorensen to second
Runner from 2nd tries for 3rd, SAFE, throw made to third
Batting: RHB Javier Díaz 0-0: Ball
1-0: Ball
2-0: Ball
3-0: Called Strike
3-1: Base on Balls
Phil Hayes to second
Batting: LHB Gerald Holloway 0-0: Called Strike
0-1: Fly out, F8 (Line Drive, 8LS)
Batting: RHB Joe Craig 0-0: Ball
1-0: Ball
2-0: Ball
3-0: Foul Ball, location: 2F
3-1: Foul Ball, location: 2F
3-2: Base on Balls
James Sorensen scores
Phil Hayes to third
Javier Díaz to second
Batting: RHB Juan Tapia 0-0: Fly out, F3 (Popup, 3F)
Batting: RHB Troy Gine 0-0: Called Strike
0-1: Ball
1-1: Called Strike
1-2: Foul Ball, location: 2F
1-2: Fly out, F7 (Flyball, 7S)
Bottom of the 9th over - 1 run(s), 2 hit(s), 0 error(s), 3 left on base; Montana 12 - Hartford 4
This league is powered by Out of the Park Baseball, the baseball management simulation game for PC, Mac and Linux
Friday, July 8th, 2016 - OOTP Baseball 16.9 Build 39